 Dungeon Crawl Stone Soup version 0.20.1-1-g8b1a95d (webtiles) character file.

124 arttle the Bolt Thrower (level 4, 11/37 HPs)
             Began as a Centaur Hunter on Oct 25, 2017.
             Quit the game on level 2 of the Dungeon.
             The game lasted 00:09:09 (1743 turns).

arttle the Bolt Thrower (Centaur Hunter)            Turns: 1743, Time: 00:09:10

Health: 11/37      AC:  5    Str: 15    XL:     4   Next: 81%
Magic:  4/4        EV:  9    Int: 10    God:
Gold:   157        SH:  0    Dex: 10    Spells: 3/3 levels left

rFire    . . .     SeeInvis .   a - +1 hand crossbow
rCold    . . .     Gourm    .   (no shield)
rNeg     . . .     Faith    .   c - +0 leather armour
rPois    .         Spirit   .   (no helmet)
rElec    .         Reflect  .   (no cloak)
rCorr    .         Harm     .   i - +0 pair of gloves (curse)
MR       .....                  (no barding)
Stlth    +.........             (no amulet)
Regen    0.2/turn               (no ring)
MPRegen  0.1/turn               (no ring)

@: very quick
A: hooves 3, deformed body, speed 2, tough skin 3
a: no special abilities


You were on level 2 of the Dungeon.
You were not hungry.

You visited 1 branch of the dungeon, and saw 2 of its levels.

You collected 157 gold pieces.

Inventory:

Hand Weapons
 a - a +1 hand crossbow (weapon)
 b - a +0 short sword
Missiles
 e - 57 arrows
 j - 28 stones (quivered)
 s - 18 poisoned needles
Armour
 c - a +0 leather armour (worn)
 i - a cursed +0 pair of gloves (worn)
Jewellery
 o - a +3 ring of strength {unknown}
Scrolls
 h - 2 scrolls of blinking
 m - a scroll of enchant armour {unknown}
 n - a scroll of remove curse {unknown}
 p - a scroll of teleportation {unknown}
 q - 3 scrolls of identify
 r - a scroll of fear {unknown}
Potions
 k - a potion of mutation {unknown}
Comestibles
 f - 4 bread rations
 g - 6 fruits
 l - a chunk of flesh


   Skills:
 + Level 2.6 Fighting
 * Level 6.4 Crossbows
 - Level 0.2 Armour
 - Level 1.3 Dodging
 - Level 0.4 Stealth


You had 3 spell levels left.
You didn't know any spells.

Dungeon Overview and Level Annotations

Branches:
Dungeon (2/15)

Altars:


Innate Abilities, Weirdness & Mutations

You have hooves in place of feet.
Armour fits poorly on your strangely shaped body.
You cover ground very quickly.
You have extremely tough skin. (AC +3)


Message History

You feel sick.
You see here a club.
Things that are here:
a flail of protection; an orc skeleton You feel sick.
You feel sick.
You are no longer poisoned.
A worm comes into view.
Throwing (i - inventory):
j - 29 stones (quivered)
Press: ? - help, Shift-Dir - straight line, f - worm
Aim: a worm You throw a stone.
The stone hits the worm but does no damage.
The adder completely misses you.
You see here a stone.
The adder bites you but does no damage.
You see here a stone.
Things that are here:
4 stones; 2 bolts Are you sure you want to abandon this character and quit the game? (Confirm with "yes".)

......................#........##
#######.##.####.####..###.###..#.
#######.##.####.# #..# #.# #..#.
.............##.####..# #.# #..#.
#######.##.........#..# #.# #....
#.#####.#.##.#..# #.####.#. #)#
#.#.##.#..# #.#....#.
#.#####)#.##.#..###.#.####.
#####.........@.....#........#.
#......)......#..#...........#.
#.#......)#).S#..#..#..<..####.
#.#.....).#...#..#..#..........
#.#.......#...#..#..#..##.####.
#.#.......#...#..#..#..#.......
#.#.......#...#..#..#.........<
#.#.......#...#.....#.....###..
#.#.......#...##..).#..........


You could see an adder.

Vanquished Creatures
  An orc priest (D:2)
  An orc wizard (D:2)
  2 adders (D:2)
  2 dart slugs
  2 leopard geckos
  4 orcs (D:2)
  5 bats
  3 giant cockroaches (D:1)
  6 goblins
  6 hobgoblins
  4 kobolds
  2 quokkas (D:2)
  2 rats
40 creatures vanquished.

Notes
Turn   | Place    | Note
-------+----------+-------------------------------------------
     0 | D:1      | arttle the Centaur Hunter began the quest for the Orb.
     0 | D:1      | Reached XP level 1. HP: 17/17 MP: 1/1
    71 | D:1      | Reached XP level 2. HP: 19/24 MP: 2/2
   266 | D:1      | Reached skill level 5 in Crossbows
   798 | D:2      | Reached XP level 3. HP: 29/30 MP: 3/3
  1189 | D:2      | Reached XP level 4. HP: 37/37 MP: 4/4
  1194 | D:2      | Reached skill level 6 in Crossbows
  1743 | D:2      | Quit the game

Skill      XL: |  1  2  3  4 |
---------------+-------------+-----
Crossbows      | 5 6 |  6.4
Fighting       | |  2.6
Armour         | |  0.2
Dodging        | |  1.3
Stealth        | |  0.4

Action                   |  1- 3 |  4- 6 || total
-------------------------+-------+-------++-------
 Fire: Hand crossbow     |    86 |    25 ||   111
Throw: Stone             |       |    21 ||    21
  Use: Scroll            |     2 |       ||     2
  Eat: Chunk             |       |     1 ||     1
Armor: Leather armour    |     9 |    10 ||    19
Dodge: Dodged            |    17 |    11 ||    28
